 Dungeon Crawl Stone Soup version 0.18.1-50-g88ac8fd (webtiles) character file.

56 RudyRod the Skirmisher (level 3, -1/34 HPs)
             Began as a Naga Fighter on Oct 11, 2016.
             Slain by an orc
             ... wielding a +0 flail
              (2 damage)
             ... on level 3 of the Dungeon.
             The game lasted 00:05:56 (1705 turns).

RudyRod the Skirmisher (Naga Fighter)               Turns: 1705, Time: 00:05:57

Health: -1/34      AC:  4    Str: 19    XL:     3   Next: 95%
Magic:  3/3        EV:  5    Int:  8    God:
Gold:   111        SH:  8    Dex: 10    Spells: 0 memorised, 2 levels left

rFire  . . .     SeeInvis +     a - +0 flail
rCold  . . .     Gourm    .     b - +0 scale mail
rNeg   . . .     Faith    .     c - +0 shield
rPois  +         Spirit   .     (no helmet)
rElec  .         Dismiss  .     (no cloak)
rCorr  .         Reflect  .     (no gloves)
SustAt .         Harm     .     (no barding)
MR     .....                    (no amulet)
Stlth  ..........               (no ring)
                                (no ring)

@: very slow, not resistant to hostile enchantments, extremely unstealthy
A: see invisible, deformed body, poison resistance, slowness 2, slow metabolism
1, spit poison 2, AC +1
a: Spit Poison


You were on level 3 of the Dungeon.
You were not hungry.

You visited 1 branch of the dungeon, and saw 3 of its levels.

You collected 111 gold pieces.

Inventory:

Hand Weapons
 a - a +0 flail (weapon)
Armour
 b - a +0 scale mail (worn)
 c - a +0 shield (worn)
Scrolls
 e - 2 scrolls of teleportation {unknown}
 g - 2 scrolls of identify {unknown}
 j - a scroll of remove curse {unknown}
 l - a scroll of recharging {unknown}
 m - a scroll of fear {unknown}
 o - 2 scrolls of blinking {unknown}
 q - a scroll of random uselessness {unknown}
 u - a scroll of immolation {unknown}
Potions
 d - 2 potions of might
 h - 2 potions of flight {unknown}
 i - a potion of agility {unknown}
 k - a potion of haste {unknown}
 s - a potion of curing {unknown}
 t - a potion of degeneration {unknown}
Comestibles
 f - 2 bread rations
 n - 2 meat rations
 r - a fruit


   Skills:
 * Level 3.3 Fighting
 * Level 2.4 Maces & Flails
 + Level 2.8 Armour
 + Level 1.0 Dodging
 + Level 2.7 Shields


You had 2 spell levels left.
You didn't know any spells.

Dungeon Overview and Level Annotations

Branches:
Dungeon (3/15)

Altars:
Xom


Innate Abilities, Weirdness & Mutations

You cannot wear boots.
Your serpentine skin is tough (AC +1).
You have supernaturally acute eyesight.
Armour fits poorly on your strangely shaped body.
Your system is resistant to poisons.
You cover ground very slowly.
You have a slow metabolism.
You can spit poison.


Message History

The orc is moderately wounded.
The orc shouts!
You block the orc's attack. x2; The orc hits you with a whip.
The orc barely misses you.
You thump the orc!
You kill the orc!
The orc hits you with a whip.
* * * LOW HITPOINT WARNING * * *
You block the orc's attack. The orc barely misses you.
You hit the orc.
The orc is lightly wounded.
The orc hits you but does no damage. The orc hits you with a club.
* * * LOW HITPOINT WARNING * * *
The orc hits you with a whip.
* * * LOW HITPOINT WARNING * * *
There is a stone staircase leading down here.
The orc hits you but does no damage. The orc hits you with a whip.
* * * LOW HITPOINT WARNING * * *
The orc hits you with a flail.
You die...

....# ..... ....
# #..# .. #. #..#
.... ... #.)#
#.#..
#.#.#..####.....
.#.....oo........
.......o@.....#
.#.###......#.#..
# #...<.......
............#..
#..##.#.##.#.# #.
...... .#.#
##.##.#.# # #
#.#.# . ...


You could see 3 orcs.

Vanquished Creatures
  An adder (D:2)
  A worm (D:2)
  2 giant geckos
  An orc (D:3)
  8 giant cockroaches
  4 goblins
  A hobgoblin (D:1)
  4 jackals
  A quokka (D:2)
  4 bats (D:1)
  5 kobolds
  6 rats
38 creatures vanquished.

Notes
Turn   | Place    | Note
--------------------------------------------------------------
     0 | D:1      | RudyRod the Naga Fighter began the quest for the Orb.
     0 | D:1      | Reached XP level 1. HP: 21/21 MP: 1/1
   360 | D:1      | Reached XP level 2. HP: 23/28 MP: 2/2
   572 | D:1      | Found a shimmering altar of Xom.
   969 | D:2      | Reached XP level 3. HP: 32/34 MP: 3/3
  1566 | D:2      | Reached skill level 1 in Dodging
  1705 | D:3      | HP: 1/34 [orc/whip (6)]
  1705 | D:3      | Slain by an orc

Skill      XL: |  1  2  3 |
---------------+----------+-----
Dodging        | 1 |  1.0
Fighting       | |  3.3
Maces & Flails | |  2.4
Armour         | |  2.8
Shields        | |  2.7

Action                   || total
-------------------------++-------
Melee: Flail             ||   132
 Abil: Spit Poison       ||     1
  Eat: Chunk             ||     2
Armor: Scale mail        ||    94
Dodge: Dodged            ||    32
Block: Shield            ||    80
